[Event "Titled Tuesday Blitz March 28 Early 2023"]
[White "Kramnik, Vladimir"]
[Black "Iniyan, P"]
[WhiteFideId "4101588"]
[BlackFideId "25002767"]
[WhiteElo "2712"]
[BlackElo "2449"]
[Result "1-0"]
[Round "08"]
[TimeControl "180+2"]
[Date "2023.03.28"]
[WhiteClock "0:00:35"]
[BlackClock "0:00:13"]

1. c4 Nf6 2. Nc3 e5 3. Nf3 Nc6 4. g3 g6 5. Bg2 Bg7 6. O-O O-O 7. d3 d6 8. Rb1 Re8 9. b4 a6 10. a4 e4 11. dxe4 Nxe4 12. Nxe4 Rxe4 13. Nd2 Re8 14. e3 Bf5 15. Rb3 a5 16. b5 Nb4 17. Bxb7 Bc2 18. Qe2 Bxb3 19. Nxb3 Ra7 20. Bg2 Qc8 21. Bd2 Qf5 22. Bxb4 axb4 23. a5 Qc8 24. Rd1 h5 25. h4 Bc3 26. Bd5 Kg7 27. Kg2 Re7 28. Qf3 Qd8 29. a6 c5 30. Bc6 Qc7 31. Qd5 Re6 32. Bb7 Bf6 33. Qc6 Bd8 34. Qxc7 Bxc7 35. Rd3 Kf8 36. Bd5 Re7 37. e4 Kg7 38. f4 Kf8 39. Kf3 Bb6 40. Bc6 Bc7 41. Nd2 Kg7 42. Nf1 f5 43. Ne3 fxe4+ 44. Bxe4 Rf7 45. Bd5 Re7 46. Bc6 Rxe3+ 47. Rxe3 Kf7 48. Bd5+ Kf8 49. Re6 Bd8 50. Ke2 Be7 51. Kd3 Kg7 52. Kc2 1-0


[Site "https://www.chess.com"]

[Event "Titled Tuesday Blitz March 28 Early 2023"]
[White "Kamsky, Gata"]
[Black "Chigaev, Maksim"]
[WhiteFideId "2000024"]
[BlackFideId "4108116"]
[WhiteElo "2666"]
[BlackElo "2547"]
[Result "1/2-1/2"]
[Round "08"]
[TimeControl "180+2"]
[Date "2023.03.28"]
[WhiteClock "0:01:56"]
[BlackClock "0:02:05"]

1. e4 c5 2. Nf3 Nc6 3. d4 cxd4 4. Nxd4 Nf6 5. Nc3 e5 6. Ndb5 d6 7. Bg5 a6 8. Na3 b5 9. Nd5 Be7 10. Bxf6 Bxf6 11. c4 Nd4 12. Nc2 Bg4 13. Qd2 Bg5 14. Qc3 Nxc2+ 15. Qxc2 O-O 16. Bd3 Rc8 17. O-O Be6 18. Qb3 Bxd5 19. cxd5 Rc5 20. a4 bxa4 21. Qxa4 a5 22. b4 axb4 23. Qxb4 Qb8 1/2-1/2


[Site "https://www.chess.com"]

[Event "Titled Tuesday Blitz March 28 Early 2023"]
[White "Erigaisi Arjun"]
[Black "Dominguez Perez, Leinier"]
[WhiteFideId "35009192"]
[BlackFideId "3503240"]
[WhiteElo "2737"]
[BlackElo "2647"]
[Result "1-0"]
[Round "08"]
[TimeControl "180+2"]
[Date "2023.03.28"]
[WhiteClock "0:00:37"]
[BlackClock "0:00:05"]

1. c4 c5 2. Nc3 g6 3. g3 Bg7 4. Bg2 Nc6 5. d3 d6 6. Qd2 e6 7. b3 Nge7 8. Bb2 O-O 9. h4 h6 10. e3 d5 11. Nge2 b6 12. h5 g5 13. f4 g4 14. O-O f5 15. cxd5 exd5 16. d4 cxd4 17. Nxd4 Nxd4 18. exd4 Be6 19. Rae1 Bf7 20. Ba3 Bf6 21. Re5 Bxe5 22. fxe5 Kg7 23. e6 Bg8 24. Re1 Rc8 25. Nxd5 Nxd5 26. e7 Nxe7 27. Bxe7 Qc7 28. d5 Qxg3 29. d6 Rcd8 30. Bxd8 Rxd8 31. Qd4+ Kf7 32. Re7+ 1-0


[Site "https://www.chess.com"]

[Event "Titled Tuesday Blitz March 28 Early 2023"]
[White "Svane, Rasmus"]
[Black "Aradhya, Garg"]
[WhiteFideId "4657101"]
[BlackFideId "25006746"]
[WhiteElo "2597"]
[BlackElo "2263"]
[Result "0-1"]
[Round "08"]
[TimeControl "180+2"]
[Date "2023.03.28"]
[WhiteClock "0:00:06"]
[BlackClock "0:00:39"]

1. Nf3 d5 2. g3 c5 3. Bg2 Nf6 4. O-O g6 5. d4 cxd4 6. Nxd4 Bg7 7. Nb3 O-O 8. Nc3 e6 9. e4 Nc6 10. exd5 exd5 11. Be3 Be6 12. Re1 Rc8 13. Bd4 Nxd4 14. Nxd4 Bg4 15. Qd3 Qb6 16. Rab1 Rfd8 17. h3 Bd7 18. Nce2 Ne4 19. c3 Re8 20. Red1 Bf5 21. Nxf5 Nxf2 22. Qf3 Nxd1+ 23. Kh2 Ne3 24. Nxg7 Kxg7 25. Bh1 Qf6 26. Nf4 d4 27. Re1 dxc3 28. bxc3 Rxc3 29. Re2 h5 30. Rf2 Ng4+ 31. Qxg4 hxg4 32. Ne6+ 0-1


[Site "https://www.chess.com"]

[Event "Titled Tuesday Blitz March 28 Early 2023"]
[White "Vidit, Santosh Gujrathi"]
[Black "Gabrielian, Artur"]
[WhiteFideId "5029465"]
[BlackFideId "4131002"]
[WhiteElo "2651"]
[BlackElo "2432"]
[Result "1-0"]
[Round "08"]
[TimeControl "180+2"]
[Date "2023.03.28"]
[WhiteClock "0:01:26"]
[BlackClock "0:00:17"]

1. c4 Nf6 2. Nc3 g6 3. e4 d6 4. d4 Bg7 5. Nf3 O-O 6. Be2 e5 7. O-O h6 8. Re1 Nc6 9. d5 Ne7 10. b4 a5 11. bxa5 Nd7 12. Nd2 f5 13. Nb3 Nf6 14. exf5 gxf5 15. c5 f4 16. cxd6 cxd6 17. Bd3 Bf5 18. Ba3 Kh8 19. Rc1 Rg8 20. Nb5 e4 21. Nxd6 Kh7 22. Nxf5 Nxf5 23. Rxe4 Nxe4 24. Bxe4 Qg5 25. h4 Qf6 26. Qh5 Raf8 27. Bxf8 Rxf8 28. Nc5 Kh8 29. Nd7 Qb2 30. Rb1 Ng3 31. Rxb2 Nxh5 32. Nxf8 Bxb2 33. d6 Bf6 34. Bxb7 1-0


[Site "https://www.chess.com"]

[Event "Titled Tuesday Blitz March 28 Early 2023"]
[White "Ohanyan, Emin"]
[Black "Bluebaum, Matthias"]
[WhiteFideId "13312022"]
[BlackFideId "24651516"]
[WhiteElo "2402"]
[BlackElo "2638"]
[Result "0-1"]
[Round "08"]
[TimeControl "180+2"]
[Date "2023.03.28"]
[WhiteClock "0:00:02"]
[BlackClock "0:00:08"]

1. e4 e6 2. d4 d5 3. Bd3 dxe4 4. Bxe4 Nf6 5. Bf3 c5 6. Ne2 Be7 7. Be3 O-O 8. O-O Nc6 9. dxc5 Ne5 10. Nd2 Qc7 11. b4 Rd8 12. Qc1 Nxf3+ 13. Nxf3 e5 14. h3 Nd5 15. Bd2 b6 16. c4 Nf6 17. cxb6 axb6 18. c5 bxc5 19. b5 Bb7 20. Be3 Bxf3 21. gxf3 Qd7 22. Qc4 Qxh3 23. Ng3 h5 24. Rfd1 h4 25. Qf1 Qe6 26. Ne4 Nxe4 27. fxe4 Qg4+ 28. Kh2 Qxe4 29. Rxd8+ Bxd8 30. Qg2 Qxg2+ 31. Kxg2 Ra4 32. Bxc5 g5 33. b6 Ra5 34. Rd1 Bf6 35. Bd6 Rb5 36. Bc7 e4 37. a4 Rb2 38. Re1 Bd4 39. a5 e3 40. Rf1 g4 41. Kg1 e2 42. Re1 Bc3 43. Rxe2 Rxe2 44. a6 Ra2 45. a7 Bd4 46. Kf1 h3 47. b7 Bxa7 0-1


[Site "https://www.chess.com"]

[Event "Titled Tuesday Blitz March 28 Early 2023"]
[White "Paravyan, David"]
[Black "Asadli, Vugar"]
[WhiteFideId "4194985"]
[BlackFideId "13405764"]
[WhiteElo "2577"]
[BlackElo "2598"]
[Result "0-1"]
[Round "08"]
[TimeControl "180+2"]
[Date "2023.03.28"]
[WhiteClock "0:00:06"]
[BlackClock "0:00:22"]

1. Nf3 Nf6 2. c4 g6 3. Nc3 Bg7 4. e4 d6 5. d4 O-O 6. Be2 e5 7. O-O h6 8. Re1 Nbd7 9. a3 Re8 10. d5 a5 11. Qc2 Nc5 12. Be3 a4 13. Bxc5 dxc5 14. Rad1 Bd7 15. Rd2 Qe7 16. Red1 Qd6 17. Nb5 Bxb5 18. cxb5 h5 19. Bc4 Bh6 20. Re2 Nd7 21. Ne1 Nb6 22. Nd3 Ra5 23. h4 Nxc4 24. Qxc4 b6 25. g3 Qd7 26. Rc2 Qxb5 27. Qc3 Bg7 28. Kg2 Qd7 29. Qc4 Rea8 30. Ne1 Rb5 31. Nf3 Rb3 32. Nd2 Rb5 33. Nb1 Bf8 34. Nc3 Rb3 35. Qe2 b5 36. Na2 b4 37. axb4 a3 38. bxc5 axb2 39. c6 Qg4 40. f3 Qc8 41. Rxb2 Qa6 42. Rdd2 Qa3 43. Rxb3 Qxb3 44. Nc1 Qb1 45. Nd3 Ra1 46. Nf2 Qg1+ 47. Kh3 Rf1 48. d6 Bxd6 49. Rd1 Rxf2 50. Rxg1 Rxe2 51. Rc1 Kf8 52. g4 Ke7 53. gxh5 gxh5 54. Rg1 Rf2 55. Kg3 Rc2 56. Kh3 Rc3 57. Rg3 f6 58. Kg2 Rxc6 59. Rg7+ Ke6 60. Rh7 Rc2+ 61. Kg3 Bc5 62. Rxh5 Be3 63. Rh8 Bf4+ 64. Kg4 c5 65. Kh5 c4 66. Re8+ Kf7 67. Rc8 c3 68. Rxc3 Rxc3 0-1


[Site "https://www.chess.com"]

[Event "Titled Tuesday Blitz March 28 Early 2023"]
[White "Martinez Alcantara, Jose Eduardo"]
[Black "Boyer, Mahel"]
[WhiteFideId "3805662"]
[BlackFideId "45102422"]
[WhiteElo "2712"]
[BlackElo "2439"]
[Result "1-0"]
[Round "08"]
[TimeControl "180+2"]
[Date "2023.03.28"]
[WhiteClock "0:01:26"]
[BlackClock "0:00:02"]

1. e4 e6 2. d4 d5 3. Nd2 c5 4. Ngf3 a6 5. c3 Nc6 6. Bd3 cxd4 7. cxd4 dxe4 8. Nxe4 Nf6 9. O-O Be7 10. a3 O-O 11. Re1 b6 12. Nxf6+ Bxf6 13. Bxh7+ Kxh7 14. Qc2+ Kg8 15. Qxc6 Bd7 16. Qe4 Rc8 17. Ne5 Bxe5 18. dxe5 Bc6 19. Qg4 Qd3 20. Be3 Bd5 21. Rad1 Qc2 22. Rd4 Rfd8 23. Qg3 Rc4 24. Rd2 Qe4 25. f3 Qf5 26. Bxb6 Rb8 27. Be3 Rb3 28. Bh6 Qh7 29. Bg5 Rc2 30. Rxc2 Qxc2 31. Rc1 Qxb2 32. Bh6 Qd4+ 33. Kh1 g6 34. Bg5 Qd3 35. Rc8+ 1-0


[Site "https://www.chess.com"]

[Event "Titled Tuesday Blitz March 28 Early 2023"]
[White "Dzhumagaliev, Yan"]
[Black "Makarian, Rudik"]
[WhiteFideId "24100110"]
[BlackFideId "44105681"]
[WhiteElo "2476"]
[BlackElo "2436"]
[Result "0-1"]
[Round "08"]
[TimeControl "180+2"]
[Date "2023.03.28"]
[WhiteClock "0:00:04"]
[BlackClock "0:00:01"]

1. Nf3 Nf6 2. d4 c5 3. d5 b5 4. Na3 a6 5. c4 b4 6. Nc2 a5 7. g3 g6 8. Bg2 Bg7 9. O-O O-O 10. Nfe1 d6 11. e4 Ra7 12. h3 e5 13. b3 h5 14. a3 Ra6 15. Nd3 h4 16. g4 Nh7 17. Be3 Qe7 18. Qd2 Kh8 19. axb4 axb4 20. Rxa6 Nxa6 21. Ra1 f5 22. f3 Bf6 23. Ra5 Bg5 24. Rb5 f4 25. Bf2 Qc7 26. Ncxb4 Nxb4 27. Nxb4 cxb4 28. Qxb4 Be7 29. Ra5 Bb7 30. Ra7 Rb8 31. Bb6 Qd7 32. Qa5 Qc8 33. Bf1 Ng5 34. Kg2 Nf7 35. b4 Bd8 36. c5 Bxb6 37. Qxb6 Bxd5 38. Qc7 Qxc7 39. Rxc7 dxc5 40. exd5 Ng5 41. bxc5 Rb2+ 42. Be2 Rxe2+ 43. Kf1 Rd2 44. Rd7 e4 45. fxe4 f3 46. c6 Nxe4 47. Rd8+ Kg7 48. Rd7+ Kh6 49. Rh7+ Kxh7 50. c7 Rd1# 0-1


[Site "https://www.chess.com"]

[Event "Titled Tuesday Blitz March 28 Early 2023"]
[White "Xu, Xiangyu"]
[Black "Galchenko, Matvey"]
[WhiteFideId "8608288"]
[BlackFideId "24175480"]
[WhiteElo "2477"]
[BlackElo "2404"]
[Result "1-0"]
[Round "08"]
[TimeControl "180+2"]
[Date "2023.03.28"]
[WhiteClock "0:01:45"]
[BlackClock "0:00:05"]

1. d4 d5 2. c4 e6 3. Nf3 c6 4. g3 dxc4 5. Bg2 b5 6. a4 Bb7 7. b3 cxb3 8. Qxb3 b4 9. O-O Nf6 10. Ne5 Be7 11. Bb2 O-O 12. Nd2 a5 13. Rac1 Nd5 14. Ne4 f6 15. Nd3 Nd7 16. Nf4 Nxf4 17. gxf4 Kh8 18. Qxe6 Re8 19. Rfd1 Bf8 20. Qb3 Rc8 21. e3 Qb6 22. Nc5 Nxc5 23. dxc5 Bxc5 24. Rd7 Re7 25. Rcd1 Rce8 26. Rxe7 Bxe7 27. Qf7 Rd8 28. Rd7 Rxd7 29. Qe8+ Bf8 30. Qxf8# 1-0


[Site "https://www.chess.com"]

[Event "Titled Tuesday Blitz March 28 Early 2023"]
[White "Smirnov, Pavel"]
[Black "Sjugirov, Sanan"]
[WhiteFideId "4123425"]
[BlackFideId "4189302"]
[WhiteElo "2519"]
[BlackElo "2569"]
[Result "0-1"]
[Round "08"]
[TimeControl "180+2"]
[Date "2023.03.28"]
[WhiteClock "0:01:20"]
[BlackClock "0:01:36"]

1. d4 Nf6 2. c4 e6 3. g3 d5 4. Nf3 Bb4+ 5. Bd2 a5 6. Bg2 O-O 7. Qc2 c5 8. cxd5 cxd4 9. Nxd4 Qb6 10. e3 exd5 11. O-O Nc6 12. Nxc6 bxc6 13. Rc1 Bd7 14. Nc3 Rab8 15. Na4 Qa7 16. Bxb4 Rxb4 17. b3 h5 18. Nc5 Bc8 19. a3 Rb8 20. Qc3 h4 21. Qd4 h3 22. Bf3 Qe7 23. Rc3 Bf5 24. Rac1 Ne4 25. Nxe4 dxe4 26. Be2 Qxa3 27. Qe5 Be6 28. Qxe4 Rxb3 29. Rxb3 Qxc1+ 0-1


[Site "https://www.chess.com"]

[Event "Titled Tuesday Blitz March 28 Early 2023"]
[White "Albornoz Cabrera, Carlos Daniel"]
[Black "Makhnev, Denis"]
[WhiteFideId "3518736"]
[BlackFideId "13707647"]
[WhiteElo "2501"]
[BlackElo "2525"]
[Result "1-0"]
[Round "08"]
[TimeControl "180+2"]
[Date "2023.03.28"]
[WhiteClock "0:00:22"]
[BlackClock "0:00:02"]

1. c4 e5 2. g3 c6 3. Nf3 e4 4. Nd4 d5 5. cxd5 Qxd5 6. e3 Nf6 7. Nc3 Qe5 8. d3 Bc5 9. Bg2 exd3 10. O-O O-O 11. Qxd3 Rd8 12. Qc2 Na6 13. a3 Bg4 14. b4 Bxd4 15. exd4 Qxd4 16. Be3 Qd3 17. Qb2 Nc7 18. h3 Bh5 19. g4 Bg6 20. Rfd1 Qc2 21. Qxc2 Bxc2 22. Rxd8+ Rxd8 23. Bxa7 Rd3 24. Ne4 Nb5 25. Nc5 Rc3 26. Bb6 Nd5 27. a4 Nd6 28. a5 h5 29. Nxb7 Nxb7 30. Bxd5 Nxa5 31. Bxf7+ Kxf7 32. bxa5 c5 33. a6 Be4 34. a7 Ba8 35. Kh2 hxg4 36. hxg4 Rc2 37. Kg3 Rc3+ 38. Kf4 Rc4+ 39. Ke5 Rxg4 40. Bxc5 Rc4 41. Kd6 Rc2 42. Rb1 Bf3 43. Rb8 Ra2 44. Ke5 Kg6 45. Kf4 Bd5 46. Ke5 Bf3 47. Bd4 Kf7 48. Kf4 Bd5 49. Rd8 Bc6 50. Rd6 Bb7 51. Rd7+ Ke6 52. Rxb7 1-0


[Site "https://www.chess.com"]

[Event "Titled Tuesday Blitz March 28 Early 2023"]
[White "Drygalov, Andrey"]
[Black "Nagy, Gabor"]
[WhiteFideId "24171735"]
[BlackFideId "737119"]
[WhiteElo "2471"]
[BlackElo "2510"]
[Result "1-0"]
[Round "08"]
[TimeControl "180+2"]
[Date "2023.03.28"]
[WhiteClock "0:00:09"]
[BlackClock "0:00:35"]

1. e4 e5 2. Nf3 d6 3. Bc4 Nf6 4. Ng5 d5 5. exd5 h6 6. Nf3 e4 7. Qe2 Be7 8. Nd4 O-O 9. O-O Re8 10. Nc3 Bc5 11. Nb3 Bg4 12. Qe1 Bb6 13. Na4 Nbd7 14. Nxb6 Nxb6 15. Bb5 Re7 16. h3 Bh5 17. Be2 Qxd5 18. Bxh5 Qxh5 19. d4 Nbd5 20. c3 c6 21. Be3 Rae8 22. c4 Nb6 23. Rc1 Nh7 24. Qa5 Qxa5 25. Nxa5 f5 26. Rfd1 Nf6 27. Bf4 g5 28. Be5 Nfd7 29. Bd6 Re6 30. Bc7 e3 31. fxe3 Rxe3 32. d5 cxd5 33. cxd5 Re2 34. Bxb6 axb6 35. Nxb7 Rxb2 36. Re1 Rxe1+ 37. Rxe1 Nf6 38. d6 Rxa2 39. Re6 Ra7 40. Nd8 Kg7 41. Nc6 Rd7 42. Ne5 Rd8 43. d7 b5 44. Re7+ Kg8 45. Kf1 b4 46. Ke1 b3 47. Kd2 Ne4+ 48. Kc1 Kf8 49. Rf7+ Kg8 50. Re7 Nd6 51. Nc6 Kf8 52. Rh7 Nb7 53. Nxd8 Nxd8 54. Kb2 f4 55. Kxb3 Nc6 56. Rxh6 1-0


[Site "https://www.chess.com"]

[Event "Titled Tuesday Blitz March 28 Early 2023"]
[White "Terry, Renato"]
[Black "Xu, Yi"]
[WhiteFideId "3803457"]
[BlackFideId "8605564"]
[WhiteElo "2579"]
[BlackElo "2471"]
[Result "0-1"]
[Round "08"]
[TimeControl "180+2"]
[Date "2023.03.28"]
[WhiteClock "0:00:26"]
[BlackClock "0:00:13"]

1. Nf3 d5 2. e3 Nf6 3. b4 e6 4. b5 a6 5. c4 dxc4 6. Bxc4 axb5 7. Bxb5+ Bd7 8. Qb3 Nc6 9. Be2 b6 10. O-O Bd6 11. Bb2 O-O 12. d4 Qe7 13. Nbd2 e5 14. Nc4 e4 15. Nfd2 Na5 16. Nxa5 Rxa5 17. Nc4 Rg5 18. Nxd6 Bh3 19. Nf5 Rxg2+ 20. Kh1 Qd7 21. Nh4 Rg4 22. Bxg4 Qxg4 23. Rg1 Qxh4 24. Rg3 Bg4 25. d5 Bf3+ 26. Kg1 Nh5 27. Qc3 f6 28. Qxc7 Nxg3 29. Qxg3 Qh5 30. d6 Qd5 31. h4 h5 32. Rc1 Qxa2 33. Bd4 Rf7 34. Kh2 Qe6 35. Rc7 Rxc7 36. dxc7 Bg4 37. Bxb6 Qxb6 38. Qxg4 Qxc7+ 39. Qg3 Qxg3+ 40. Kxg3 f5 41. Kf4 g6 42. Ke5 Kf7 0-1


[Site "https://www.chess.com"]

[Event "Titled Tuesday Blitz March 28 Early 2023"]
[White "Samunenkov, Ihor"]
[Black "Gukesh D"]
[WhiteFideId "14187086"]
[BlackFideId "46616543"]
[WhiteElo "2457"]
[BlackElo "2612"]
[Result "0-1"]
[Round "08"]
[TimeControl "180+2"]
[Date "2023.03.28"]
[WhiteClock "0:00:02"]
[BlackClock "0:00:39"]

1. d4 Nf6 2. Nf3 d5 3. c4 e6 4. g3 dxc4 5. Bg2 a6 6. O-O Nc6 7. Nbd2 b5 8. b3 c3 9. Nb1 b4 10. a3 Rb8 11. axb4 Bxb4 12. Qd3 e5 13. Nxc3 exd4 14. Na4 O-O 15. Bb2 Bg4 16. Rfc1 Qd6 17. Qxa6 Na5 18. Qd3 Rfe8 19. Bxd4 Rbd8 20. Bxf6 Qxf6 21. Qb5 Rb8 22. Qd3 Bf5 23. Qd1 Red8 24. Qf1 Nxb3 25. Rab1 Nxc1 26. Rxc1 Ba3 27. Ra1 Qxa1 28. Qxa1 Rb1+ 29. Qxb1 Bxb1 0-1


[Site "https://www.chess.com"]

[Event "Titled Tuesday Blitz March 28 Early 2023"]
[White "Mahdavi, Reza"]
[Black "Grigoriants, Sergey"]
[WhiteFideId "12595926"]
[BlackFideId "4130804"]
[WhiteElo "2208"]
[BlackElo "2502"]
[Result "1-0"]
[Round "08"]
[TimeControl "180+2"]
[Date "2023.03.28"]
[WhiteClock "0:00:16"]
[BlackClock "0:00:46"]

1. Nf3 d5 2. g3 g6 3. d4 Bg7 4. Bg2 c6 5. O-O Nd7 6. b3 Ngf6 7. c4 O-O 8. Bb2 Ne4 9. Nc3 Ndf6 10. e3 Nxc3 11. Bxc3 Ne4 12. Bb2 Bg4 13. h3 Bxf3 14. Bxf3 f5 15. Qc2 e6 16. b4 Nd6 17. c5 Nc4 18. Bc3 b5 19. cxb6 axb6 20. a4 b5 21. a5 Rf7 22. Be2 Bf8 23. Bxc4 dxc4 24. Kg2 Be7 25. Rae1 Qd5+ 26. f3 Raf8 27. e4 fxe4 28. fxe4 Qd7 29. Rxf7 Rxf7 30. Rf1 Bd6 31. Rxf7 Qxf7 32. Qf2 Qe7 33. Qd2 Bb8 34. Qe3 Ba7 35. Qf4 e5 36. Qxe5 Qxe5 37. dxe5 Kf7 38. Be1 c5 39. bxc5 Ke6 40. c6 Bd4 41. a6 Bb6 42. Bf2 1-0


[Site "https://www.chess.com"]

[Event "Titled Tuesday Blitz March 28 Early 2023"]
[White "Zhigalko, Sergei"]
[Black "Santos Ruiz, Miguel"]
[WhiteFideId "13502956"]
[BlackFideId "22291482"]
[WhiteElo "2626"]
[BlackElo "2504"]
[Result "0-1"]
[Round "08"]
[TimeControl "180+2"]
[Date "2023.03.28"]
[WhiteClock "0:00:02"]
[BlackClock "0:00:04"]

1. e4 e5 2. Nf3 Nc6 3. Bc4 Nf6 4. d3 Bc5 5. O-O d6 6. c3 a6 7. Nbd2 Ba7 8. Bb3 h6 9. Nc4 O-O 10. Be3 Bxe3 11. Nxe3 Ne7 12. Nh4 c6 13. f4 Qb6 14. Qd2 Ng4 15. d4 Nxe3 16. Qxe3 exf4 17. Rxf4 Be6 18. Raf1 Bxb3 19. axb3 Qxb3 20. Qg3 Kh7 21. h3 Qe6 22. Rg4 g6 23. Rgf4 f6 24. Qd3 Rae8 25. c4 Kg7 26. Rg4 g5 27. d5 Qe5 28. Nf3 Qxb2 29. Nd4 Ng6 30. Nf5+ Kh7 31. Qe3 Ne5 32. Rh4 Nf7 33. Rh5 Qe5 34. Re1 Qxf5 35. exf5 Rxe3 36. Rxe3 cxd5 37. Re7 dxc4 38. Rxb7 Rc8 39. Kf2 Kg7 40. Ke2 c3 41. Kd1 c2+ 42. Kc1 a5 43. Ra7 Rc5 44. h4 g4 45. Ra6 d5 46. Ra7 d4 47. Rd7 Rc4 48. Rxh6 Kxh6 49. Rxf7 a4 50. Rxf6+ Kg7 51. Ra6 d3 52. Rd6 a3 53. Rxd3 Ra4 54. Rd7+ Kf6 55. Rd6+ Kxf5 56. Ra6 Rxa6 0-1


[Site "https://www.chess.com"]

[Event "Titled Tuesday Blitz March 28 Early 2023"]
[White "Moroni, Luca Jr"]
[Black "Hasangatin, Ramil"]
[WhiteFideId "865834"]
[BlackFideId "4122160"]
[WhiteElo "2569"]
[BlackElo "2275"]
[Result "1/2-1/2"]
[Round "08"]
[TimeControl "180+2"]
[Date "2023.03.28"]
[WhiteClock "0:00:07"]
[BlackClock "0:00:09"]

1. d4 d5 2. Bf4 Nf6 3. e3 c5 4. dxc5 e6 5. b4 a5 6. c3 axb4 7. cxb4 b6 8. Bxb8 Rxb8 9. Bb5+ Ke7 10. c6 Ne4 11. Nf3 Nd6 12. a4 f6 13. Nc3 Kf7 14. O-O Ra8 15. Rc1 Nxb5 16. axb5 Bxb4 17. Qb3 Qd6 18. Ra1 Rxa1 19. Rxa1 Rd8 20. Ra7+ Kg8 21. h3 Qc5 22. Ne2 Qxb5 23. Nfd4 Qc4 24. Qb1 Bc5 25. Ra8 Rf8 26. Qb5 e5 27. Qxc4 dxc4 28. Nb5 Be6 29. Rxf8+ Kxf8 30. c7 Bb4 31. Na7 c3 32. c8=Q+ Bxc8 33. Nxc8 c2 34. Nxb6 Bd2 35. Kf1 c1=Q+ 36. Nxc1 Bxc1 37. Ke2 Ba3 38. Nc4 Bb4 39. Kd3 Kf7 40. g4 Ke6 41. Ke4 g6 42. f3 f5+ 43. Kd3 Be7 44. Na5 e4+ 45. Ke2 exf3+ 46. Kxf3 fxg4+ 47. hxg4 h5 48. gxh5 gxh5 49. Nc4 Bc5 50. Nd2 Bxe3 51. Kxe3 h4 52. Nf3 h3 53. Kf2 h2 54. Nxh2 1/2-1/2


[Site "https://www.chess.com"]

[Event "Titled Tuesday Blitz March 28 Early 2023"]
[White "Durarbayli, Vasif"]
[Black "Harshavardhan G B"]
[WhiteFideId "13402935"]
[BlackFideId "25059009"]
[WhiteElo "2543"]
[BlackElo "2323"]
[Result "1-0"]
[Round "08"]
[TimeControl "180+2"]
[Date "2023.03.28"]
[WhiteClock "0:00:09"]
[BlackClock "0:00:08"]

1. e4 e5 2. Nc3 Nf6 3. d4 exd4 4. Qxd4 Nc6 5. Qd3 Bb4 6. Bd2 O-O 7. O-O-O Re8 8. Nge2 d6 9. Bg5 h6 10. Bxf6 Qxf6 11. Nd5 Qd8 12. Nxb4 Nxb4 13. Qd2 a5 14. a3 Nc6 15. Nc3 Rb8 16. Bb5 Bd7 17. Rhe1 Ne5 18. f4 Bxb5 19. Nxb5 Ng6 20. g3 Qd7 21. Qxa5 b6 22. Qb4 Rbc8 23. Qc4 Qh3 24. Re2 Re7 25. Na7 Ra8 26. Nc6 Ree8 27. Nb4 Rac8 28. Nd5 b5 29. Qd3 c6 30. Ne3 Rcd8 31. Rde1 Qh5 32. Kb1 Qc5 33. Nf5 b4 34. axb4 Qxb4 35. Qd4 Qxd4 36. Nxd4 c5 37. Nf5 Ne7 38. Ne3 Rb8 39. c3 Nc6 40. Nc4 Re6 41. f5 Rf6 42. g4 Re8 43. h4 g5 44. hxg5 hxg5 45. Rh2 Ne5 46. Reh1 Kf8 47. Ne3 Nf3 48. Rh8+ Ke7 49. Nd5+ Kd8 50. Rxe8+ Kxe8 51. Nxf6+ Kd8 52. Nd5 Kd7 53. Rh6 Ne5 54. Rh8 Nxg4 55. Rg8 f6 56. Rg7+ Ke8 57. Nc7+ Kd8 58. Ne6+ Ke8 59. Kc2 Ne5 60. Kb3 g4 61. Ka4 c4 62. Kb5 g3 63. Rxg3 Kd7 64. Rg7+ Ke8 65. Nc7+ Kd8 66. Ne6+ Ke8 67. Rc7 d5 68. exd5 Nd3 69. d6 1-0


[Site "https://www.chess.com"]

[Event "Titled Tuesday Blitz March 28 Early 2023"]
[White "Bolourchifard, Farzad"]
[Black "Harsha Bharathakoti"]
[WhiteFideId "12510084"]
[BlackFideId "5078776"]
[WhiteElo "2317"]
[BlackElo "2481"]
[Result "1-0"]
[Round "08"]
[TimeControl "180+2"]
[Date "2023.03.28"]
[WhiteClock "0:01:08"]
[BlackClock "0:00:02"]

1. e4 e6 2. d4 d5 3. exd5 exd5 4. Nf3 c6 5. Bd3 Nf6 6. O-O Be7 7. Bg5 O-O 8. c3 Bg4 9. Nbd2 Nbd7 10. Qc2 h6 11. Bh4 Nh5 12. Bxe7 Qxe7 13. Rae1 Qd8 14. Bh7+ Kh8 15. Bf5 Bxf5 16. Qxf5 Nhf6 17. Ne5 Nxe5 18. dxe5 Nd7 19. f4 Nc5 20. Qh3 f5 21. Qe3 Ne6 22. Nf3 c5 23. Rd1 Qd7 24. Nh4 Kh7 25. Qd3 Qf7 26. Qxd5 Rad8 27. Qf3 g6 28. Qe3 Qe7 29. Nf3 b6 30. Rfe1 Qb7 31. Rd6 Rfe8 32. Red1 Rxd6 33. Rxd6 Re7 34. g3 Qe4 35. Qxe4 fxe4 36. Nd2 e3 37. Nc4 g5 38. Nxe3 gxf4 39. Nd5 Re8 40. Nf6+ 1-0


[Site "https://www.chess.com"]

[Event "Titled Tuesday Blitz March 28 Early 2023"]
[White "Ozen, Deniz"]
[Black "Prohaszka, Peter"]
[WhiteFideId "6349196"]
[BlackFideId "726265"]
[WhiteElo "2303"]
[BlackElo "2626"]
[Result "1-0"]
[Round "08"]
[TimeControl "180+2"]
[Date "2023.03.28"]
[WhiteClock "0:00:30"]
[BlackClock "0:00:01"]

1. d4 Nf6 2. Bf4 d5 3. Nf3 c5 4. e3 e6 5. Nbd2 cxd4 6. exd4 Qb6 7. Nb3 Bd7 8. a4 Bd6 9. a5 Qc7 10. Bxd6 Qxd6 11. Bd3 Na6 12. c3 Nc7 13. O-O O-O 14. Nc5 Rab8 15. Ne5 Bb5 16. Re1 b6 17. axb6 axb6 18. Nb3 Bxd3 19. Qxd3 Ra8 20. h3 g6 21. Qf3 Kg7 22. Nd2 Rxa1 23. Rxa1 Nd7 24. Nxd7 Qxd7 25. Qf4 Nb5 26. h4 Qd6 27. Qe3 Qe7 28. h5 g5 29. Ra6 h6 30. Rxb6 Qd7 31. Nf3 Ra8 32. g3 Rd8 33. Ne5 Qe8 34. f4 gxf4 35. Qxf4 Nd6 36. Ng4 Nf5 37. Qe5+ Kf8 38. Qh8+ Ke7 39. Qf6+ Kd7 40. Qe5 Rc8 41. Nf6+ Ke7 1-0


[Site "https://www.chess.com"]

[Event "Titled Tuesday Blitz March 28 Early 2023"]
[White "demon64fields"]
[Black "Aveskulov, Valeriy"]
[BlackFideId "14109743"]
[WhiteElo "2864"]
[BlackElo "2552"]
[Result "0-1"]
[Round "08"]
[TimeControl "180+2"]
[Date "2023.03.28"]
[WhiteClock "0:00:08"]
[BlackClock "0:00:15"]

1. Nf3 Nf6 2. g3 g6 3. Bg2 Bg7 4. O-O O-O 5. c4 c5 6. Nc3 Nc6 7. d3 d6 8. a3 a5 9. Rb1 Ne8 10. Bd2 Nc7 11. Ne1 Bd7 12. Nc2 Rb8 13. b4 b6 14. Nd5 Nxd5 15. cxd5 Nd4 16. Ne3 cxb4 17. axb4 a4 18. Nc4 Ra8 19. e3 Nb5 20. h4 h5 21. e4 Nc3 22. Bxc3 Bxc3 23. b5 Bd4 24. Na3 e6 25. Nc2 Bg7 26. dxe6 Bxe6 27. Nb4 a3 28. Nc6 Qd7 29. d4 Bc4 30. Qc2 Bxf1 31. Bxf1 Rfc8 32. Bc4 d5 33. Bxd5 Bxd4 34. Ba2 Qd6 35. Rd1 Qxg3+ 36. Kf1 Qh3+ 37. Ke2 Bc5 38. e5 Kg7 39. Rg1 Qxh4 40. Qf5 Rc7 41. Bxf7 Qxf2+ 42. Qxf2 Bxf2 43. Rxg6+ Kxf7 44. Rf6+ Kg7 45. Rxf2 a2 46. Rg2+ Kh8 0-1


[Site "https://www.chess.com"]

[Event "Titled Tuesday Blitz March 28 Early 2023"]
[White "Subelj, Jan"]
[Black "Salinas Herrera, Pablo"]
[WhiteFideId "14618583"]
[BlackFideId "3407128"]
[WhiteElo "2474"]
[BlackElo "2550"]
[Result "1/2-1/2"]
[Round "08"]
[TimeControl "180+2"]
[Date "2023.03.28"]
[WhiteClock "0:01:07"]
[BlackClock "0:00:12"]

1. e4 c5 2. Na3 Nc6 3. Bb5 g6 4. Bxc6 dxc6 5. f4 Bg7 6. d3 Nf6 7. Nf3 O-O 8. O-O b6 9. Nc4 Ne8 10. Be3 Nd6 11. Nce5 Qc7 12. a4 Rd8 13. a5 Bb7 14. axb6 axb6 15. Rxa8 Bxa8 16. Qe2 c4 17. Nxc4 Nxc4 18. dxc4 c5 19. e5 Bc6 20. b3 f6 21. exf6 exf6 22. f5 Re8 23. Qd2 g5 24. Nxg5 Rd8 25. Qc3 fxg5 26. f6 Rf8 27. fxg7 Rxf1+ 28. Kxf1 Qxh2 29. Qf6 Bxg2+ 30. Ke1 Qb8 31. Bxg5 Qe8+ 32. Kf2 Be4 33. Bh6 Qf7 34. Qxf7+ Kxf7 35. c3 Bc2 36. b4 Bd3 37. bxc5 bxc5 38. Ke3 Bxc4 39. Kf4 Bd3 40. Ke5 c4 41. Kd6 Kg8 42. Ke7 Bf1 43. Kf6 Bd3 44. Bf4 Bf1 45. Kg5 Bd3 46. Kh6 Bf1 47. Be5 Bd3 48. Bd4 Bf1 49. Be5 Bd3 50. Bd4 Bf1 51. Be5 1/2-1/2


[Site "https://www.chess.com"]